 Dungeon Crawl Stone Soup version 0.31-a0-145-g046c7d2549 (webtiles) character file.

Game seed: 198748105539178919

18615 MackTheKnife the Destroyer (level 12, -6/77 HPs)
             Began as an Octopode Conjurer on June 4, 2023.
             Was an Initiate of Gozag.
             Killed from afar by a blizzard demon (44 damage)
             ... with a bolt of lightning
             ... in a Gauntlet.
             The game lasted 00:37:41 (13908 turns).

MackTheKnife the Destroyer (Octopode Conjurer)     Turns: 13908, Time: 00:37:41

Health: -6/77      AC:  1    Str:  4 (6)  XL:     12   Next: 60%
Magic:  24/24      EV: 15    Int: 24 (26) God:    Gozag
Gold:   655        SH:  0    Dex: 12 (14) Spells: 9/28 levels left

rFire   . . .        h - +3 longbow of Ymaapt {speed, Int+4 Stlth+, bow}
rCold   + . .        (shield currently unavailable)
rNeg    + . .        (helmet restricted)
rPois   .            f - amulet of magic regeneration {@e2}
rElec   .            s - ring of resist corrosion
rCorr   +            v - ring of protection from cold
SInv    .            F - ring of positive energy
Will    .....        (no ring)
Stlth   ++++         (no ring)
HPRegen 0.32/turn    (no ring)
MPRegen 0.59/turn    (no ring)
                     (no ring)

%: no teleportation
@: hasted, very quick
A: almost no armour, amphibious, 8 rings, camouflage 1, gelatinous body 1,
(nimble swimmer 1), tentacles
a: Renounce Religion, Potion Petition, Call Merchant, Bribe Branch


You were in a Gauntlet.
You worshipped Gozag.
Gozag was pleased with you.
You visited 3 branches of the dungeon, and saw 14 of its levels.
You also visited: Gauntlet.

You collected 3017 gold pieces.
You spent 317 gold pieces at shops.
You paid 2045 gold pieces to Gozag.


Innate Abilities, Weirdness & Mutations

You cannot wear most types of armour.
You are amphibious.
You can wear up to eight rings at the same time.
Your skin changes colour to match your surroundings (Stealth+).
Your rubbery body absorbs attacks. (AC +1, EV +1)
((You are camouflaged when in or above water. (Stealth+)))
You have tentacles for arms and can constrict up to eight enemies at once.


   Skills:
 - Level 5.5 Fighting
 - Level 6.0 Dodging
 - Level 2.6 Stealth
 + Level 8.5 Spellcasting
 - Level 9.1 Conjurations
 - Level 6.7 Hexes
 - Level 6.1 Necromancy
 - Level 5.8 Translocations
 - Level 3.4 Air Magic
 + Level 8.9 Earth Magic


You had 9 spell levels left.
You knew the following spells:

 Your Spells              Type           Power      Damage    Failure   Level
a - Magic Dart            Conj           100%       1d8       1%          1
b - Searing Ray           Conj           100%       2d8       1%          2
c - Fulminant Prism       Conj/Hex       24%        3d12      2%          4
d - Swiftness             Air            26%        N/A       4%          3
e - Iskenderun's Mystic   Conj/Tloc      46%        2d10      2%          4
f - Borgnjor's Vile Clut  Necr/Erth      23%        N/A       8%          5

Your spell library contained the following spells:

 Spells                   Type           Power      Damage    Failure   Level
 Passwall                 Tmut/Erth      25%        N/A       1%          2
 Sublimation of Blood     Necr           39%        N/A       1%          2
 Dazzling Flash           Conj/Hex       96%        N/A       1%          3
 Ensorcelled Hibernation  Hex/Ice        52%        N/A       2%          2
 Inner Flame              Hex/Fire       26%        N/A       4%          3
 Anguish                  Hex/Necr       20%        N/A       4%          4
 Wereblood                Tmut           10%        N/A       10%         2
 Flame Wave               Conj/Fire      32%        2d9       10%         4
 Petrify                  Tmut/Erth      31%        N/A       10%         4
 Sticky Flame             Conj/Fire      32%        2d5       10%         4
 Silence                  Hex/Air        17%        N/A       22%         5
 Yara's Violent Unravell  Hex/Tmut       13%        3d7       38%         5
 Summon Forest            Summ/Tloc      12%        N/A       45%         5
 Statue Form              Tmut/Erth      20%        N/A       83%         6
 Enfeeble                 Hex            21%        N/A       97%         7
 Eringya's Noxious Bog    Tmut/Pois      5%         N/A       100%        6
 Haunt                    Necr/Summ      12%        N/A       100%        7
 Summon Hydra             Summ           5%         N/A       100%        7
 Discord                  Hex            21%        N/A       100%        8
 Infestation              Necr           19%        N/A       100%        8
 Animate Dead             Necr           Unusable   N/A       N/A         4

Inventory:

Hand Weapons
 h - the +3 longbow of Ymaapt (weapon) {speed, Int+4 Stlth+, bow}
   (You found it on level 9 of the Dungeon)

   Int:       It affects your intelligence (+4).
   Stlth:     It makes you more stealthy.
Magical Staves
 d - a staff of air {!astaff}
   (You took it off a centaur on level 6 of the Dungeon)
Jewellery
 f - an amulet of magic regeneration (around mantle) {@e2}
   (You found it on level 1 of the Dungeon)
 j - a ring of wizardry
   (You found it in a Gauntlet)
 s - a ring of resist corrosion (left tentacle)
   (You found it on level 3 of the Dungeon)
 v - a ring of protection from cold (right tentacle)
   (You found it on level 5 of the Dungeon)
 A - an amulet of regeneration {@e2}
   (You found it on level 6 of the Dungeon)
 F - a ring of positive energy (on tentacle)
   (You found it on level 1 of the Lair of Beasts)
Wands
 o - a wand of polymorph (3)
   (You found it on level 3 of the Dungeon)
 p - a wand of flame (19)
   (You found it on level 8 of the Dungeon)
 w - a wand of charming (18)
   (You found it on level 5 of the Dungeon)
Scrolls
 e - a scroll of vulnerability {!r!r}
 g - a scroll of teleportation {@r4}
 k - 2 scrolls of immolation {!r!r}
 m - 3 scrolls of fog
 t - 2 scrolls of amnesia
 u - 2 scrolls of enchant weapon
 y - 2 scrolls of enchant armour {unknown}
 C - 4 scrolls of poison {!r}
 I - a scroll of magic mapping {unknown}
Potions
 a - a potion of magic
 b - 6 potions of curing {@q1}
 c - a potion of ambrosia {unknown}
 i - a potion of might
 n - a potion of attraction {unknown}
 q - a potion of berserk rage {!q}
 x - a potion of lignification {unknown}
 z - a potion of cancellation {unknown}
 B - a potion of resistance {unknown}
 D - a potion of haste {@q3}
 G - a potion of heal wounds {@q2}
Miscellaneous
 H - a sack of spiders
   (You found it on level 1 of the Lair of Beasts)

Dungeon Overview and Level Annotations

Branches:
Dungeon (10/15) Zot: 26381  Temple (1/1) D:4 Zot: 5762    Lair (3/5) D:8 Zot: 15874
    Orc (0/2) D:9         Gauntlet (1/1) Zot: 5689
  Swamp: Lair:2-3    Shoals: Lair:2-3     Snake: Lair:2-3    Spider: Lair:2-3

Altars:
Ashenzari
Cheibriados
Dithmenos
Elyvilon
Fedhas
Gozag
Hepliaklqana
Kikubaaqudgha
Makhleb
Okawaru
Qazlal
Ru
Sif Muna
Trog
Uskayaw
Vehumet
Wu Jian
Xom
Yredelemnul
Zin
The Shining One

Shops:
D:6 *   D:8 ?   Lair:3 *

Annotations:
D:4 2 transporters, eyesofgods1's ghost, amateur MiFi
D:8 3 runed translucent doors, exclusion: steam dragon, Vorhees's ghost, novice DjWr
D:9 Harold
Lair:2 exclusions: redback and 1 more exclusion Gauntlet 11 transporters, exclusion: oklob plant

#8#.....#.©.#....≈......
###..###########...#####
#..#[!#.§.#.$#...##.?.
###..##..#.#§.##...#..#.
#8#..#^#P.#.P#4#...##.##
###..#..#.4.#..#...#...#
#..##..#P#..##...##.##
###..#.#P§#.P#.#...###..
#8#..#.@#.©P#..#...##.#.
###..#.24#§#...#.∩.###..
#..#....#....#...#..#.
###..###########...#####
#8#.......©?...§........
###≈............≈∩≈.....
######################
#8# #8# #8# #8# #8# #
### ### ### ### ### #


You could see a blizzard demon and an ice devil.


Message History

The ice devil hits the plant.
The ice devil freezes the plant!!
The ice devil hits the plant!
The ice devil freezes the plant!!
The blizzard demon hits the plant! x2; The ice devil hits the plant!
The ice devil freezes the plant!
The ice devil hits the plant.
The ice devil freezes the plant!
Okay, then.
Unknown command.
A nearby plant withers and dies.
Okay, then.
Okay, then.
There is a transporter here.
It was a potion of degeneration.
There was something very wrong with that liquid.
You feel weakened.
You feel dopey.
You feel clumsy.
You drop a +1 dagger of venom {short}.
You drop a +3 dagger {short}.
You drop 3 potions of degeneration {!q@e2}.
You drop a scroll of torment {!r}.
It was a potion of berserk rage.
A red film seems to cover your vision as you go berserk!
You feel yourself moving faster!
You feel mighty! 😎 HP[+38]
You now have 115 max hp (+38).
Your hp is fully restored (115).
You start waiting.
You feel a strong urge to attack something.
Unknown command.
You start waiting.
You feel your anger nearly subside.
Unknown command.
You start waiting.
You are no longer berserk.
You are exhausted.
You feel yourself slow down. 😎 HP[-38]
You now have 77 max hp (-38).
You start waiting.
You feel yourself speed up.
You start waiting.
You recover from your berserk rage.
Unknown command.
You start waiting.
Unknown command.
It was a potion of haste.
You feel yourself speed up.
There is a transporter here.
You enter the transporter and appear at another place.
j - a ring of wizardry The ice devil enters a dispersal trap!
You blink.
Unknown command.
Unknown command.
Unknown command.
Unknown command.
Unknown command.
Really wriggle into that dispersal trap?
You enter a dispersal trap!
The ice devil blinks!
The blizzard demon blinks!
You blink.
The ice devil enters a dispersal trap!
The blizzard demon blinks!
You blink.
You become entangled in the net!
There is a net trap here.
You see here a throwing net {=f!fthrowing}.
Unknown command.
You struggle against the net.
The blizzard demon hits you! The blizzard demon hits you!!
The ice devil hits you!
* * * LOW HITPOINT WARNING * * *
The ice devil freezes you. You resist.
* * * LOW HITPOINT WARNING * * *
😨 HP[-46]
You take 46 damage, and now have 31/77 hp.
MASSIVE DAMAGE!! (PAUSE) Unknown command.
Unknown command.
Unknown command.
You tear a large gash into the net. 😨 HP[+1] Unknown command.
Unknown command.
Unknown command.
Unknown command.
You rip the net and break free!
The blizzard demon hits you.
* * * LOW HITPOINT WARNING * * *
The blizzard demon hits you.
* * * LOW HITPOINT WARNING * * *
The ice devil hits you!
* * * LOW HITPOINT WARNING * * *
The ice devil freezes you. You resist.
* * * LOW HITPOINT WARNING * * *
Unknown command. 😱 HP[-24]
You take 24 damage, and now have 8/77 hp.
MASSIVE DAMAGE!! (PAUSE) Unknown command.
Okay, then.
You feel much better. The blizzard demon gestures at you.
The bolt of lightning hits you!!!
Ouch! That really hurt!
You die...
Your body crumbles into a pile of gold.

Skill      XL: |  1  2  3  4  5  6  7  8  9 10 11 12 |
---------------+-------------------------------------+-----
Spellcasting   | 3 4 6 8 |  8.5
Conjurations   | 5 6 7 8 9 |  9.1
Hexes          | 2 4 6 |  6.7
Air Magic      | 3 |  3.4
Fighting       | 3 5 |  5.5
Dodging        | 4 6 |  6.0
Translocations | 5 |  5.8
Necromancy     | 6 |  6.1
Earth Magic    | 6 8 |  8.9
Stealth        | |  2.6

Action                     |  1- 3 |  4- 6 |  7- 9 | 10-12 || total
---------------------------+-------+-------+-------+-------++-------
  Melee: Hand axe          |     4 |       |       |       ||     4
         Constrict         |     3 |     1 |     1 |     1 ||     6
         Dagger            |     3 |     2 |     4 |     9 ||    18
         Tentacles         |     1 |     1 |     1 |     5 ||     8
   Fire: Longbow           |       |       |       |   107 ||   107
   Cast: Magic Dart        |    65 |    95 |   130 |    42 ||   332
         Searing Ray       |     1 |    10 |    29 |    35 ||    75
         Fulminant Prism   |       |       |    30 |   107 ||   137
         Swiftness         |       |       |       |     1 ||     1
         Borgnjor's Vile C |       |       |       |    26 ||    26
         Iskenderun's Myst |       |       |       |     6 ||     6
 Invoke: Call Merchant     |       |       |     1 |     2 ||     3
  Evoke: Wand              |       |     2 |       |     7 ||     9
    Use: Potion            |       |     2 |     2 |     6 ||    10
         Scroll            |       |     1 |     6 |     7 ||    14
   Stab: Sleeping          |     1 |       |       |       ||     1
 Armour: Skin              |     2 |     1 |     5 |     5 ||    13
  Dodge: Dodged            |     9 |     5 |    55 |    81 ||   150

Levels and vault maps discovered:
D:1:      minmay_arrival_doors, layout_loops_ring
D:2:      layout_basic, basic_altar, minmay_fractal_squares_5
D:3:      layout_basic, nicolae_overflow_ecumenical_swirl,
          shapermc_ecumenical_altar_gd, nicolae_figureground_pulse
D:4:      layout_basic, minmay_temple_entry_wispy, gammafunk_ghost_smash,
          minmay_unequal, uniq_menkaure, uniq_pikel, uniq_blork_the_orc,
          uniq_sigmund
D:5:      layout_cave_pools, minmay_liquid_box, chequers_serial_rivers_micro_a
D:6:      layout_cave_pools, marbit_many_paths, minmay_chambers_of_fives
D:7:      layout_loops_corners, nicolae_overflow_hidden_temple,
          uniq_prince_ribbit1, uniq_duvessa
D:8:      kennysheep_spiral_hall, layout_loops_ring, okawaru_ov_weapons_minmay,
          ebering_ghost_gozag
D:9:      layout_basic, xom_teletrap_fun, orc_0_dummy, uniq_grum, uniq_harold,
          uniq_maurice
D:10:     layout_roguey, minmay_between
Temple:   eino_narrow_crystal_temple
Lair:1:   hellmonk_destroyed_diamonds, layout_cave_pods,
          grunt_forest_small_clearings, nicolae_lair_lindhole
Lair:2:   beast_lair_carwin_large_1, layout_regular_city,
          spider_nest_entry_webs, basic_altar
Lair:3:   layout_regular_city, skrybe_swamp_entry_bodies,
          gauntlet_entry_generic, serial_bayou_shore_b
Gauntlet: gammafunk_gauntlet_shortcut [gammafunk_gauntlet_arena_arrow_garden,
          gammafunk_gauntlet_arena_crates, gammafunk_gauntlet_arena_mazey,
          nicolae_gauntlet_arena_blocks, nicolae_gauntlet_arena_grate_2,
          gammafunk_gauntlet_arena_split_diamond, gauntlet_exit_green]

Notes
Turn   | Place    | Note
-------+----------+-------------------------------------------
     0 | D:1      | MackTheKnife the Octopode Conjurer began the quest for the
                  | Orb.
     0 | D:1      | Reached XP level 1. HP: 11/11 MP: 3/3
     0 | D:1      | magus.rc [v1.9.6]
    84 | D:1      | You pick up a book of Blood and begin reading...
    84 | D:1      | You add the spells Sublimation of Blood, Wereblood and
                  | Summon Hydra to your library.
   203 | D:1      | Reached XP level 2. HP: 16/17 MP: 1/5
   371 | D:1      | Learned a level 2 spell: Searing Ray
   490 | D:1      | You fall into a shaft and drop 1 floor!
   529 | D:2      | Reached XP level 3. HP: 12/21 MP: 2/7
   794 | D:1      | You pick up a book of Death and begin reading...
   794 | D:1      | You add the spells Animate Dead, Haunt and Infestation to
                  | your library.
   828 | D:1      | You pick up a book of Flames and begin reading...
   828 | D:1      | You add the spells Inner Flame, Sticky Flame and Flame Wave
                  | to your library.
  1166 | D:2      | Reached skill level 3 in Spellcasting
  1351 | D:2      | Found an iron altar of Okawaru.
  1360 | D:2      | Reached XP level 4. HP: 27/27 MP: 6/8
  1960 | D:3      | Found a faded altar of an unknown god.
  2045 | D:3      | Reached skill level 5 in Conjurations
  2083 | D:3      | Learned a level 4 spell: Fulminant Prism
  2299 | D:3      | Found a faded altar of an unknown god.
  2579 | D:3      | Found an opulent altar of Gozag.
  2604 | D:4      | Found a transporter.
  2604 | D:4      | Noticed eyesofgods1's ghost (amateur MiFi)
  2605 | D:4      | Noticed an ogre
  2660 | D:4      | Noticed Pikel
  2660 | D:4      | Noticed a lemure
  2685 | D:4      | Noticed an ogre
  2688 | D:4      | magus.rc [v1.9.6]
  2744 | D:4      | Reached XP level 5. HP: 31/31 MP: 6/10
  2758 | D:4      | Found a staircase to the Ecumenical Temple.
  2767 | Temple   | Entered the Ecumenical Temple
  3092 | D:4      | Noticed an ogre
  3329 | D:4      | an ogre changed into a steam dragon
  3329 | D:4      | Noticed a steam dragon
  3391 | D:3      | Killed a lemure
  3436 | D:4      | Found a transporter.
  3461 | D:4      | Killed an ogre
  3462 | D:4      | Reached skill level 4 in Spellcasting
  3462 | D:4      | Reached XP level 6. HP: 36/36 MP: 6/12
  3523 | D:4      | Reached skill level 1 in Hexes
  3547 | D:4      | Noticed Blork the orc
  3548 | D:4      | Blork the orc changed into Blork the rat
  3548 | D:4      | Noticed Blork
  3551 | D:4      | Killed Blork the rat
  3552 | D:4      | Reached skill level 6 in Conjurations
  3563 | D:4      | You pick up a book of Misfortune and begin reading...
  3563 | D:4      | You add the spells Yara's Violent Unravelling and Enfeeble
                  | to your library.
  3575 | D:3      | Became a worshipper of Gozag Ym Sagoz the Greedy
  3649 | D:4      | Reached skill level 2 in Hexes
  3663 | D:4      | HP: 7/36 [something] (9)]
  3772 | D:5      | Entered Level 5 of the Dungeon
  3820 | D:5      | Reached XP level 7. HP: 31/41 MP: 9/13
  3878 | D:5      | Reached skill level 3 in Hexes
  3948 | D:5      | Reached skill level 7 in Conjurations
  3974 | D:5      | You add the spells Ensorcelled Hibernation, Anguish and
                  | Discord to your library.
  3974 | D:5      | Got Ipouwytt's Treatise on Bewitchment and the Serac
  4118 | D:5      | Reached skill level 4 in Hexes
  4451 | D:6      | Reached XP level 8. HP: 34/46 MP: 9/14
  4572 | D:5      | HP: 11/46 [acid (4)]
  4676 | D:6      | Reached skill level 5 in Hexes
  4750 | D:6      | Reached skill level 8 in Conjurations
  5037 | D:6      | Identified the ring "Qiczooze" {Fly rPois rCorr Int-5
                  | Dex-4}
  5047 | D:6      | Reached skill level 6 in Hexes
  5093 | D:6      | Reached XP level 9. HP: 45/51 MP: 0/15
  5151 | D:6      | Reached skill level 9 in Conjurations
  5327 | D:6      | Reached skill level 5 in Spellcasting
  5680 | D:6      | Found a broken altar of Ashenzari.
  6130 | D:7      | magus.rc [v1.9.6]
  6147 | D:7      | Reached skill level 6 in Spellcasting
  6249 | D:7      | You pick up a book of Burglary and begin reading...
  6249 | D:7      | You add the spells Passwall and Swiftness to your library.
  6334 | D:7      | Learned a level 3 spell: Swiftness
  6361 | D:7      | Reached skill level 1 in Air Magic
  6375 | D:7      | Reached skill level 2 in Air Magic
  6518 | D:7      | Reached skill level 3 in Air Magic
  6676 | D:7      | Noticed Prince Ribbit
  6683 | D:7      | Killed Prince Ribbit
  6684 | D:7      | Reached skill level 1 in Fighting
  6777 | D:7      | Found a sacrificial altar of Ru.
  6798 | D:7      | Reached skill level 2 in Fighting
  6798 | D:7      | Reached skill level 3 in Dodging
  7042 | D:7      | Noticed Dowan
  7106 | D:7      | Killed Dowan
  7249 | D:7      | Reached skill level 3 in Fighting
  7289 | D:6      | Bought a scroll labelled FAFUGO NEUG for 24 gold pieces
  7289 | D:6      | Bought a scroll labelled XAMIXE UHEUXO for 24 gold pieces
  7289 | D:6      | Bought a scroll labelled BASANUNWIL for 24 gold pieces
  7299 | D:6      | magus.rc [v1.9.6]
  7325 | D:7      | Found a glowing golden altar of the Shining One.
  7331 | D:7      | Found a glowing silver altar of Zin.
  7432 | D:7      | Noticed Duvessa
  7441 | D:7      | Killed Duvessa
  7442 | D:7      | Reached skill level 4 in Dodging
  7442 | D:7      | Reached XP level 10. HP: 18/63 MP: 11/19
  7667 | D:4      | Noticed Sigmund
  7672 | D:4      | Killed Sigmund
  7737 | D:4      | Killed Pikel
  7738 | D:4      | Reached skill level 4 in Fighting
  7738 | D:4      | Reached skill level 5 in Dodging
  7850 | D:4      | Noticed Menkaure
  7856 | D:4      | Killed Menkaure
  8011 | D:4      | Identified a scroll of acquirement
  8011 | D:4      | Acquired 763 gold pieces
  8064 | D:8      | Found a runed translucent gate.
  8064 | D:8      | Found a runed translucent gate.
  8064 | D:8      | Found a runed translucent gate.
  8065 | D:8      | Found an opulent altar of Gozag.
  8122 | D:8      | Reached skill level 5 in Fighting
  8425 | D:8      | Bought a scroll of teleportation for 33 gold pieces
  8425 | D:8      | Bought a scroll of blinking for 82 gold pieces
  8425 | D:8      | Bought a scroll of identify for 22 gold pieces
  8425 | D:8      | Bought a scroll of identify for 22 gold pieces
  8821 | D:8      | Reached skill level 6 in Dodging
  8851 | D:8      | Found a staircase to the Lair.
  9029 | D:8      | Found an iron altar of Okawaru.
  9140 | D:8      | Noticed Vorhees's ghost (novice DjWr)
  9187 | D:9      | Found a shimmering altar of Xom.
  9193 | D:9      | Learned a level 4 spell: Iskenderun's Mystic Blast
  9193 | D:9      | Noticed a two-headed ogre
  9346 | D:9      | Reached skill level 1 in Translocations
  9350 | D:9      | Reached skill level 2 in Translocations
  9379 | D:9      | Killed a two-headed ogre
  9380 | D:9      | Reached skill level 4 in Translocations
  9537 | D:9      | You add the spells Petrify, Silence, Borgnjor's Vile Clutch
                  | and Statue Form to your library.
  9537 | D:9      | Got Susiedoh's Codex of Felsic Anemomancy
  9568 | D:9      | magus.rc [v1.9.6]
  9575 | D:9      | Noticed Harold
  9660 | D:9      | Reached skill level 5 in Translocations
  9914 | D:9      | Learned a level 5 spell: Borgnjor's Vile Clutch
 10040 | D:9      | Reached XP level 11. HP: 72/72 MP: 14/20
 10114 | D:9      | Reached skill level 2 in Necromancy
 10114 | D:9      | Reached skill level 2 in Earth Magic
 10225 | D:9      | Identified the +3 longbow of Ymaapt {speed, Int+4 Stlth+}
 10225 | D:9      | Identified the +5 ring mail of Pathos {rPois}
 10225 | D:9      | Noticed Grum
 10226 | D:9      | Grum changed into Grum the boggart
 10226 | D:9      | Noticed Grum
 10229 | D:9      | Killed Grum the boggart
 10246 | D:9      | Reached skill level 3 in Necromancy
 10246 | D:9      | Reached skill level 3 in Earth Magic
 10718 | D:9      | Found a staircase to the Orcish Mines.
 10826 | D:9      | Reached skill level 4 in Necromancy
 10826 | D:9      | Reached skill level 4 in Earth Magic
 10868 | D:10     | Entered Level 10 of the Dungeon
 11036 | D:10     | Noticed a cyclops
 11217 | D:9      | You add the spells Summon Forest and Eringya's Noxious Bog
                  | to your library.
 11382 | Lair:1   | Entered Level 1 of the Lair of Beasts
 11685 | Lair:1   | Reached skill level 5 in Necromancy
 11685 | Lair:1   | Reached skill level 5 in Earth Magic
 11978 | Lair:1   | Noticed a lindwurm
 11985 | Lair:1   | Killed a lindwurm
 12265 | Lair:1   | Noticed a death yak
 12317 | Lair:1   | Killed a death yak
 12318 | Lair:1   | Reached skill level 6 in Necromancy
 12318 | Lair:1   | Reached skill level 6 in Earth Magic
 12449 | Lair:1   | Noticed a death yak
 12452 | Lair:1   | Noticed a death yak
 12453 | Lair:1   | Noticed a death yak
 12525 | Lair:2   | magus.rc [v1.9.6]
 12694 | Lair:2   | Reached XP level 12. HP: 72/77 MP: 9/21
 12776 | Lair:2   | Reached skill level 7 in Earth Magic
 12823 | Lair:2   | Found a broken altar of Ashenzari.
 12878 | Lair:2   | Reached skill level 7 in Spellcasting
 12920 | Lair:2   | HP: 11/76 [yak (13)]
 13241 | Lair:2   | You fall into a shaft and drop 1 floor!
 13417 | Lair:3   | Reached skill level 8 in Earth Magic
 13450 | Lair:3   | Bought a silvery potion for 20 gold pieces
 13450 | Lair:3   | Bought a scroll labelled GEXANI LOOX for 23 gold pieces
 13450 | Lair:3   | Bought an amethyst potion for 20 gold pieces
 13450 | Lair:3   | Bought a scroll labelled HAOWEL NOD for 23 gold pieces
 13532 | Lair:3   | Noticed a death yak
 13532 | Lair:3   | Noticed a death yak
 13533 | Lair:3   | Noticed a death yak
 13538 | Lair:3   | Noticed a death yak
 13553 | Lair:3   | Killed a death yak
 13554 | Lair:3   | Reached skill level 8 in Spellcasting
 13554 | Lair:3   | Killed a death yak
 13574 | Lair:3   | Killed a death yak
 13589 | Lair:3   | Found a gate leading to a gauntlet.
 13592 | Lair:3   | Killed a death yak
 13599 | Gauntlet | Entered a Gauntlet
 13599 | Gauntlet | Found a transporter.
 13599 | Gauntlet | Found a transporter.
 13604 | Gauntlet | Noticed a blizzard demon
 13613 | Gauntlet | Found a transporter.
 13613 | Gauntlet | Found a transporter.
 13618 | Gauntlet | Noticed a quicksilver ooze
 13622 | Gauntlet | Found a transporter.
 13629 | Gauntlet | Found a transporter.
 13694 | Gauntlet | Found a transporter.
 13706 | Gauntlet | Found a transporter.
 13720 | Gauntlet | Found a transporter.
 13736 | Gauntlet | Found a transporter.
 13745 | Gauntlet | Found a transporter.
 13751 | Gauntlet | Found a transporter.
 13907 | Gauntlet | HP: 14/77 [ice devil (13)]
 13908 | Gauntlet | Killed from afar by a blizzard demon

Vanquished Creatures
  A two-headed ogre (D:9)
  5 death yaks
  A lindwurm (Lair:1)
  Pikel (D:4)
  2 black mambas
  A cane toad (Lair:2)
  2 komodo dragons (Lair:2)
  A polar bear (Lair:2)
  Prince Ribbit (D:7)
  4 dream sheep (Lair:3)
  Sigmund (D:4)
  29 yaks
  A vampire (D:9)
  A basilisk (Lair:3)
  2 steam dragons
  3 vampire mosquitoes (D:9)
  Menkaure (D:4)
  2 acid dragons (D:10)
  5 water moccasins
  Duvessa (D:7)
  2 sky beasts
  An ice beast (D:7)
  5 black bears
  5 ogres
  11 wolves
  A boggart (D:9)
  4 centaurs
  3 lemures
  2 phantoms
  2 kobold brigands
  3 scorpions
  13 bullfrogs
  A gnoll sergeant (D:6)
  12 wights
  Dowan (D:7)
  2 howler monkeys
  8 orc priests
  A hound (D:5)
  3 jellies
  3 iguanas
  7 orc wizards
  4 gnolls (D:6)
  7 adders
  A shadow imp (D:7)
  3 white imps
  An ufetubus (D:4)
  A worm (D:2)
  2 dart slugs
  22 orcs
  6 ball pythons
  6 endoplasms
  A giant cockroach (D:4)
  5 hobgoblins
  9 jackals
  A quokka (D:4)
  7 bats
  2 frilled lizards
  7 goblins
  14 kobolds
  6 rats
260 creatures vanquished.

Vanquished Creatures (collateral kills)
  A yak (Lair:2)
  A bullfrog (Lair:2)
2 creatures vanquished.

Vanquished Creatures (others)
  A yak (Lair:2)
  137 fulminant prisms
138 creatures vanquished.

Grand Total: 400 creatures vanquished

Table legend:
 A = Non-vault XP
 B = Vault XP
 C = Vault XP percentage of total XP
 D = Non-vault monster count
 E = Vault monster count
 F = Vault count percentage of total count
                 A         B        C        D         E       F
            +---------+---------+-------+---------+---------+-------
      Total |   22130 |    4464 |  16.8 |     225 |      34 |  13.1
            +---------+---------+-------+---------+---------+-------
        D:1 |      37 |       0 |   0.0 |      22 |       0 |   0.0
        D:2 |      63 |       7 |  10.0 |      16 |       4 |  20.0
        D:3 |      23 |       0 |   0.0 |       9 |       0 |   0.0
        D:4 |     494 |    1265 |  71.9 |      24 |       8 |  25.0
        D:5 |     737 |       0 |   0.0 |      12 |       0 |   0.0
        D:6 |    1264 |     481 |  27.6 |      24 |       6 |  20.0
        D:7 |    1218 |     465 |  27.6 |      28 |       3 |   9.7
        D:8 |     606 |     320 |  34.6 |      10 |       3 |  23.1
        D:9 |    4724 |     581 |  11.0 |      30 |       5 |  14.3
       D:10 |     432 |       0 |   0.0 |       3 |       0 |   0.0
     Lair:1 |    3211 |     658 |  17.0 |      14 |       1 |   6.7
     Lair:2 |    3794 |     687 |  15.3 |      18 |       4 |  18.2
     Lair:3 |    5527 |       0 |   0.0 |      15 |       0 |   0.0
            +---------+---------+-------+---------+---------+-------

Skill      XL: |  1  2  3  4  5  6  7  8  9 10 11 12 |
---------------+-------------------------------------+-----
Spellcasting   | 3 4 6 8 |  8.5
Conjurations   | 5 6 7 8 9 |  9.1
Hexes          | 2 4 6 |  6.7
Air Magic      | 3 |  3.4
Fighting       | 3 5 |  5.5
Dodging        | 4 6 |  6.0
Translocations | 5 |  5.8
Necromancy     | 6 |  6.1
Earth Magic    | 6 8 |  8.9
Stealth        | |  2.6

Action                     |  1- 3 |  4- 6 |  7- 9 | 10-12 || total
---------------------------+-------+-------+-------+-------++-------
  Melee: Hand axe          |     4 |       |       |       ||     4
         Constrict         |     3 |     1 |     1 |     1 ||     6
         Dagger            |     3 |     2 |     4 |     9 ||    18
         Tentacles         |     1 |     1 |     1 |     5 ||     8
   Fire: Longbow           |       |       |       |   107 ||   107
   Cast: Magic Dart        |    65 |    95 |   130 |    42 ||   332
         Searing Ray       |     1 |    10 |    29 |    35 ||    75
         Fulminant Prism   |       |       |    30 |   107 ||   137
         Swiftness         |       |       |       |     1 ||     1
         Borgnjor's Vile C |       |       |       |    26 ||    26
         Iskenderun's Myst |       |       |       |     6 ||     6
 Invoke: Call Merchant     |       |       |     1 |     2 ||     3
  Evoke: Wand              |       |     2 |       |     7 ||     9
    Use: Potion            |       |     2 |     2 |     6 ||    10
         Scroll            |       |     1 |     6 |     7 ||    14
   Stab: Sleeping          |     1 |       |       |       ||     1
 Armour: Skin              |     2 |     1 |     5 |     5 ||    13
  Dodge: Dodged            |     9 |     5 |    55 |    81 ||   150

Illustrated notes

Table legend:
 A = Kills in this place as a percentage of kills in the entire game.
 B = Kills by you in this place as a percentage of kills by you in the entire game.
 C = Kills by friends in this place as a percentage of kills by friends in the entire game.
 D = Other kills in this place as a percentage of other kills in the entire game.
 E = Experience gained in this place as a percentage of experience gained in the entire game.
 F = Experience gained in this place divided by the number of levels of this place that you have seen.
                   A       B       C       D       E      F
               +-------+-------+-------+-------+-------+----------------------
         Total | 100.0 | 100.0 | 100.0 |   N/A | 100.0 | 1772.9
       Dungeon |  79.9 |  80.5 |   0.0 |   N/A |  47.8 | 1271.7
          Lair |  20.1 |  19.5 | 100.0 |   N/A |  52.2 | 4625.7
               +-------+-------+-------+-------+-------+----------------------

Table legend: (Time is in decaauts)
 A = Elapsed time spent in this place.
 B = Non-inter-level travel time spent in this place.
 C = Inter-level travel time spent in this place.
 D = Time resting spent in this place.
 E = Time spent auto-exploring this place.
 F = Levels seen in this place.
 G = Mean time per level.
                   A        B        C        D        E       F      G
               +--------+--------+--------+--------+--------+-----+--------+
         Total |  13941 |  13219 |    722 |   2826 |   7825 |  15 |  929.4 |
       Dungeon |  11268 |  10561 |    707 |   2147 |   6515 |  10 | 1126.8 |
        Temple |    237 |    223 |     14 |      0 |    217 |   1 |  237.0 |
          Lair |   2125 |   2125 |      0 |    596 |    933 |   3 |  708.3 |
      Gauntlet |    310 |    310 |      0 |     83 |    160 |   1 |  310.0 |
               +--------+--------+--------+--------+--------+-----+--------+

Top non-repeatable levels by time:
     D:9: 1709 daAuts
     D:7: 1564 daAuts
     D:8: 1525 daAuts
     D:6: 1448 daAuts
     D:2: 1067 daAuts
     D:4: 1063 daAuts
  Lair:1: 998 daAuts
     D:5: 921 daAuts
     D:3: 895 daAuts
     D:1: 880 daAuts
  Lair:2: 766 daAuts
  Lair:3: 360 daAuts
Gauntlet: 310 daAuts
  Temple: 237 daAuts
    D:10: 192 daAuts
